Avalanche vs Panthers

Created - 15 décembre 2020 at 21:24

Goals
1 2 3 T
Avalanche 0 0 1 1
Panthers 0 0 3 3
Shots
1 2 3 T
Avalanche 8 6 14 28
Panthers 13 10 6 29

1st period

No Goal

Penalties :
Jeff Petry (FLA) for Hooking (Minor) at 1:46, Noah Juulsen (COL) for Hooking (Minor) at 4:19, Jake McCabe (COL) for Slashing (Minor) at 12:17

2nd period

No Goal

Penalties :
Andreas Athanasiou (COL) for Hooking (Minor) at 8:42, Adam Fox (COL) for Holding Stick (Minor) at 18:16

3rd period

1. Panthers , Jean-Gabriel Pageau 9 (Jeff Petry 17, Quinn Hughes 19) at 9:32
2. Panthers , Nikita Kucherov 9 (Jonathan Huberdeau 9, Aleksander Barkov 21) at 12:28
3. Avalanche , Casey Cizikas 8 (Miles Wood 8) at 18:34
4. Panthers , Jean-Gabriel Pageau 10 (Jeff Petry 18, Derek Grant 4) at 19:44 (Empty Net)

Penalties :
Jeff Petry (FLA) for Holding (Minor) at 1:30, Alex Ovechkin (FLA) for Hooking (Minor) at 13:05

Goalie Stats

Frederik Andersen (COL), 26 saves from 28 shots - (0,929), L, 8-7-2, 59:22 minutes
Corey Crawford (FLA), 27 saves from 28 shots - (0,964), W, 22-1-0, 60:00 minutes

Players Stats for Avalanche

Player Name              G  A  P  +/- PIM S  H  SB GA TA FO     MP     PP MP  PK MP  
------------------------------------------------------------------------------------
Adam Fox                 0  0  0  -1  2   2  0  0  0  0  0/0    23:16   3:32   2:51 
Andreas Athanasiou       0  0  0  -1  2   2  1  0  0  0  0/1    17:10   3:32   0:00 
Andrew Mangiapane        0  0  0   1  0   0  0  0  0  0  0/0     9:51   0:00   0:00 
Brad Richardson          0  0  0  -1  0   0  1  0  0  0  14/22  12:08   0:00   5:03 
Casey Cizikas            1  0  1   1  0   1  1  0  0  0  5/11   12:16   0:00   2:25 
Chris Tanev              0  0  0  -1  0   0  1  1  0  0  0/0    24:24   3:32   3:58 
Dominik Kubalik          0  0  0  -1  0   1  0  0  0  0  0/2    18:25   2:25   0:28 
Dylan Strome             0  0  0  -1  0   4  1  0  0  0  7/21   17:11   3:32   0:00 
Jake McCabe              0  0  0   1  2   0  1  0  0  0  0/0    19:38   2:25   3:04 
Joakim Nordstrom         0  0  0  -1  0   1  1  0  0  0  0/0    11:31   0:00   4:26 
Michael Anderson         0  0  0   1  0   0  0  0  0  0  0/0    14:50   0:00   1:35 
Miles Wood               0  1  1   1  0   1  1  0  0  0  0/0     9:51   0:00   0:00 
Noah Juulsen             0  0  0  -2  2   0  3  1  0  0  0/0    15:02   0:00   0:00 
Robby Fabbri             0  0  0  -1  0   5  2  0  0  0  0/0    17:57   2:25   0:00 
Ryan Dzingel             0  0  0  -1  0   1  1  1  0  0  1/3    18:16   3:32   1:05 
Ryan Strome              0  0  0  -1  0   5  1  0  0  0  13/22  17:57   2:25   0:00 
Shayne Gostisbehere      0  0  0  -2  0   3  0  0  0  0  0/0    22:47   2:25   4:24 
Tobias Rieder            0  0  0  -1  0   2  0  0  0  0  0/0     9:30   0:00   2:25 

Players Stats for Panthers

Player Name              G  A  P  +/- PIM S  H  SB GA TA FO     MP     PP MP  PK MP  
------------------------------------------------------------------------------------
Aleksander Barkov        0  1  1   1  0   0  1  0  0  0  10/25  19:47   4:42   0:00 
Alex Ovechkin            0  0  0  -1  2   2  3  0  0  0  0/0    18:28   3:14   0:00 
Charlie McAvoy           0  0  0   1  0   1  1  2  0  0  0/0    16:54   0:00   3:02 
Colton Parayko           0  0  0   1  0   0  0  2  0  0  0/0    22:49   3:44   2:17 
Derek Grant              0  1  1   1  0   1  1  0  0  0  11/18   9:30   0:00   4:16 
Dylan Larkin             0  0  0  -1  0   2  0  0  0  0  11/23  18:29   3:14   0:00 
Jean-Gabriel Pageau      2  0  2   2  0   2  1  0  0  0  8/11   13:18   0:40   1:41 
Jeff Petry               0  2  2   1  4   1  5  2  0  0  0/0    21:11   4:12   0:50 
Joel Armia               0  0  0   1  0   3  0  0  0  0  0/0    12:14   0:00   1:41 
Jonathan Huberdeau       0  1  1   1  0   3  1  0  0  0  1/2    19:47   4:42   0:00 
Matt Calvert             0  0  0   1  0   1  1  0  0  0  0/0     5:14   0:00   0:00 
Matthew Tkachuk          0  0  0  -1  0   2  2  1  0  0  1/2    19:17   4:02   0:00 
Nikita Kucherov          1  0  1   1  0   4  1  0  0  0  0/1    18:19   3:14   0:00 
Oskar Sundqvist          0  0  0   0  0   0  0  0  0  0  0/0     9:06   0:00   4:16 
Pierre-Luc Dubois        0  0  0   1  0   0  1  0  0  0  0/0    10:33   0:00   0:00 
Quinn Hughes             0  1  1   0  0   3  0  2  0  0  0/0    22:55   4:12   2:56 
Samuel Girard            0  0  0   0  0   3  1  2  0  0  0/0    18:38   3:44   0:00 
Zdeno Chara              0  0  0   1  0   1  1  0  0  0  0/0    17:31   0:00   2:49 

3 Stars

1 - Jean-Gabriel Pageau (FLA)
2 - Corey Crawford (FLA)
3 - Nikita Kucherov (FLA)

Power Play

Avalanche - 0 on 3 Attempt(s) - 0,00%
Panthers - 0 on 4 Attempt(s) - 0,00%

Penalty Kill

Avalanche - 4 on 4 Attempt(s) - 100,00% - Score 0 goal in Penalty Kill
Panthers - 3 on 3 Attempt(s) - 100,00% - Score 0 goal in Penalty Kill

Team Stat

Avalanche - Hits : 15 - Faceoff Wins : 40 - Blocked Shots : 3 - Penalty Minutes : 8
Panthers - Hits : 20 - Faceoff Wins : 42 - Blocked Shots : 11 - Penalty Minutes : 6

Official

Referees : Chris Lee and Mike Sheehan
Linesman : Travis Toomey and Bryan Pancich

Game Notes

Samuel Girard is injured at 15:05 of 3rd period (Sprained Right Knee)
Jean-Gabriel Pageau has scored in a empty net!

Finance

Level 1 -- Attendance: 6000 (100,00%) -- Ticket Income 750 000 $
Level 2 -- Attendance: 4917 (98,34%) -- Ticket Income 442 530 $
Level 3 -- Attendance: 3442 (98,34%) -- Ticket Income 240 940 $
Level 4 -- Attendance: 2498 (66,61%) -- Ticket Income 97 422 $
Luxury Box -- Attendance: 1000 (100,00%) -- Ticket Income 225 000 $
Game was played at the BBT Center.
Total Attendance: 17857 (92,76%)
Total Ticket Income: 1 755 892 $
Other Income: 860 387 $
Total Income: 2 616 279 $

% Time on Ice - Avalanche

Lines # - Real PCT - Wanted PCT - Time Play
Normal Forward
1 - 34% - 35% - 15:32
2 - 30% - 30% - 13:39
3 - 21% - 20% - 9:51
4 - 15% - 15% - 7:05
Normal Defense
1 - 37% - 40% - 16:54
2 - 33% - 30% - 15:03
3 - 25% - 20% - 11:42
4 - 5% - 10% - 2:28
PP Forward
1 - 41% - 50% - 2:25
2 - 59% - 50% - 3:32
PP Defense
1 - 41% - 50% - 2:25
2 - 59% - 50% - 3:32
PK Forward
1 - 70% - 60% - 5:31
2 - 30% - 40% - 2:25
PK Defense
1 - 63% - 60% - 5:01
2 - 37% - 40% - 2:55
PK3 Forward
1 - 0% - 51%
2 - 0% - 49%
PK3 Defense
1 - 0% - 51%
2 - 0% - 49%
44 Forward
1 - 0% - 60%
2 - 0% - 40%
44 Defense
1 - 0% - 60%
2 - 0% - 40%
Last Minute Offensive  - 0:00
Last Minute Defensive  - 0:00
Total
Forward - 60:00
Defense - 60:00

% Time on Ice - Panthers

Lines # - Real PCT - Wanted PCT - Time Play
Normal Forward
1 - 33% - 33% - 15:05
2 - 33% - 33% - 15:15
3 - 23% - 24% - 10:33
4 - 11% - 10% - 4:50
Normal Defense
1 - 35% - 36% - 15:47
2 - 36% - 34% - 16:24
3 - 30% - 30% - 13:32
4 - 0% - 0% - 0:00
PP Forward
1 - 59% - 50% - 4:42
2 - 41% - 50% - 3:14
PP Defense
1 - 53% - 50% - 4:12
2 - 47% - 50% - 3:44
PK Forward
1 - 72% - 60% - 4:16
2 - 28% - 40% - 1:41
PK Defense
1 - 53% - 60% - 3:08
2 - 47% - 40% - 2:49
PK3 Forward
1 - 0% - 60%
2 - 0% - 40%
PK3 Defense
1 - 0% - 60%
2 - 0% - 40%
44 Forward
1 - 0% - 50%
2 - 0% - 50%
44 Defense
1 - 0% - 60%
2 - 0% - 40%
Last Minute Offensive  - 0:00
Last Minute Defensive  - 0:24
Total
Forward - 60:00
Defense - 60:00

Play-by-Play

1st period


0:01 of 1st period - Ryan Strome wins face-off versus Aleksander Barkov in neutral zone.
0:03 of 1st period - Off-side.
0:04 of 1st period - Dylan Larkin wins face-off versus Dylan Strome in neutral zone.
0:21 of 1st period - Shot by Dylan Strome.
0:21 of 1st period - Stopped by Corey Crawford without a rebound.
0:22 of 1st period - Jean-Gabriel Pageau wins face-off versus Casey Cizikas in Panthers zone.
0:43 of 1st period - Shot by Joel Armia.
0:43 of 1st period - Stopped by Frederik Andersen without a rebound.
0:44 of 1st period - Ryan Strome wins face-off versus Aleksander Barkov in Avalanche zone.
0:46 of 1st period - Robby Fabbri is hit by Nikita Kucherov.
0:54 of 1st period - Shot by Nikita Kucherov.
0:54 of 1st period - Stopped by Frederik Andersen with a rebound.
1:11 of 1st period - Robby Fabbri is hit by Aleksander Barkov and loses puck.
1:16 of 1st period - Shot by Jake McCabe.
1:16 of 1st period - Shot Blocked by Jeff Petry.
1:18 of 1st period - Shot by Ryan Strome.
1:18 of 1st period - Deflect By Dominik Kubalik.
1:18 of 1st period - Shot Misses the Net.
1:21 of 1st period - Ryan Strome is hit by Jeff Petry and loses puck.
1:46 of 1st period - Minor Penalty to Jeff Petry for Hooking.
1:47 of 1st period - Dylan Strome wins face-off versus Derek Grant in Panthers zone.
2:05 of 1st period - Icing by Chris Tanev.
2:06 of 1st period - Jean-Gabriel Pageau wins face-off versus Dylan Strome in Avalanche zone.
2:32 of 1st period - Icing by Ryan Dzingel.
2:33 of 1st period - Derek Grant wins face-off versus Dylan Strome in Avalanche zone.
2:54 of 1st period - Shot by Shayne Gostisbehere.
2:54 of 1st period - Stopped by Corey Crawford with a rebound.
3:15 of 1st period - Shot by Shayne Gostisbehere.
3:15 of 1st period - Shot Misses the Net.
3:43 of 1st period - Shot by Adam Fox.
3:43 of 1st period - Shot Misses the Net.
3:45 of 1st period - Shot by Chris Tanev.
3:45 of 1st period - Deflect By Dylan Strome.
3:45 of 1st period - Shot Blocked by Charlie McAvoy.
4:19 of 1st period - Minor Penalty to Noah Juulsen for Hooking.
4:20 of 1st period - Aleksander Barkov wins face-off versus Brad Richardson in Avalanche zone.
4:29 of 1st period - Shot by Matthew Tkachuk.
4:29 of 1st period - Stopped by Frederik Andersen without a rebound.
4:30 of 1st period - Dylan Larkin wins face-off versus Brad Richardson in Avalanche zone.
4:30 of 1st period - Dylan Larkin is hit by Chris Tanev.
4:52 of 1st period - Shot by Alex Ovechkin.
4:52 of 1st period - Stopped by Frederik Andersen without a rebound.
4:53 of 1st period - Casey Cizikas wins face-off versus Aleksander Barkov in Avalanche zone.
4:59 of 1st period - Icing by Samuel Girard.
5:00 of 1st period - Brad Richardson wins face-off versus Aleksander Barkov in Panthers zone.
5:03 of 1st period - Shot by Shayne Gostisbehere.
5:03 of 1st period - Deflect By Joakim Nordstrom.
5:03 of 1st period - Shot Misses the Net.
5:09 of 1st period - Brad Richardson is hit by Jonathan Huberdeau and loses puck.
5:16 of 1st period - Shot by Jonathan Huberdeau.
5:16 of 1st period - Stopped by Frederik Andersen without a rebound.
5:17 of 1st period - Dylan Larkin wins face-off versus Casey Cizikas in Avalanche zone.
5:38 of 1st period - Shot by Quinn Hughes.
5:38 of 1st period - Stopped by Frederik Andersen without a rebound.
5:39 of 1st period - Brad Richardson wins face-off versus Aleksander Barkov in Avalanche zone.
7:29 of 1st period - Shot by Derek Grant.
7:29 of 1st period - Stopped by Frederik Andersen without a rebound.
7:30 of 1st period - Brad Richardson wins face-off versus Dylan Larkin in Avalanche zone.
7:35 of 1st period - Shot by Tobias Rieder.
7:35 of 1st period - Shot Misses the Net.
8:53 of 1st period - Icing by Jeff Petry.
8:54 of 1st period - Aleksander Barkov wins face-off versus Ryan Strome in Panthers zone.
9:25 of 1st period - Shot by Dominik Kubalik.
9:25 of 1st period - Deflect By Ryan Strome.
9:25 of 1st period - Shot Misses the Net.
9:31 of 1st period - Shot by Ryan Strome.
9:31 of 1st period - Stopped by Corey Crawford without a rebound.
9:32 of 1st period - Jean-Gabriel Pageau wins face-off versus Dylan Strome in Panthers zone.
10:00 of 1st period - Shot by Andreas Athanasiou.
10:00 of 1st period - Stopped by Corey Crawford without a rebound.
10:01 of 1st period - Dylan Larkin wins face-off versus Brad Richardson in Panthers zone.
10:01 of 1st period - Dylan Larkin is hit by Brad Richardson.
10:22 of 1st period - Shot by Tobias Rieder.
10:22 of 1st period - Shot Misses the Net.
10:24 of 1st period - Shot by Joakim Nordstrom.
10:24 of 1st period - Stopped by Corey Crawford without a rebound.
10:25 of 1st period - Derek Grant wins face-off versus Dominik Kubalik in Panthers zone.
10:53 of 1st period - Shot by Charlie McAvoy.
10:53 of 1st period - Stopped by Frederik Andersen with a rebound.
11:39 of 1st period - Shot by Jonathan Huberdeau.
11:39 of 1st period - Stopped by Frederik Andersen with a rebound.
11:41 of 1st period - Shot by Samuel Girard.
11:41 of 1st period - Stopped by Frederik Andersen without a rebound.
11:42 of 1st period - Casey Cizikas wins face-off versus Dylan Larkin in Avalanche zone.
11:53 of 1st period - Shot by Andrew Mangiapane.
11:53 of 1st period - Shot Blocked by Jeff Petry.
12:10 of 1st period - Shot by Dylan Larkin.
12:10 of 1st period - Shot Misses the Net.
12:17 of 1st period - Minor Penalty to Jake McCabe for Slashing.
12:18 of 1st period - Brad Richardson wins face-off versus Aleksander Barkov in Avalanche zone.
13:23 of 1st period - Ryan Dzingel is hit by Alex Ovechkin and loses puck.
13:40 of 1st period - Shot by Nikita Kucherov.
13:40 of 1st period - Shot Misses the Net.
13:42 of 1st period - Shot by Nikita Kucherov.
13:42 of 1st period - Shot Misses the Net.
13:48 of 1st period - Shot by Dylan Larkin.
13:48 of 1st period - Deflect By Nikita Kucherov.
13:48 of 1st period - Stopped by Frederik Andersen with a rebound.
13:50 of 1st period - Shot by Quinn Hughes.
13:50 of 1st period - Stopped by Frederik Andersen without a rebound.
13:51 of 1st period - Dylan Larkin wins face-off versus Casey Cizikas in Avalanche zone.
13:58 of 1st period - Shot by Samuel Girard.
13:58 of 1st period - Stopped by Frederik Andersen without a rebound.
13:59 of 1st period - Casey Cizikas wins face-off versus Aleksander Barkov in Avalanche zone.
14:18 of 1st period - Shot by Joel Armia.
14:18 of 1st period - Deflect By Pierre-Luc Dubois.
14:18 of 1st period - Shot Misses the Net.
14:39 of 1st period - Shot by Dominik Kubalik.
14:39 of 1st period - Stopped by Corey Crawford without a rebound.
14:40 of 1st period - Derek Grant wins face-off versus Dylan Strome in Panthers zone.
14:40 of 1st period - Derek Grant is hit by Noah Juulsen.
14:46 of 1st period - Shayne Gostisbehere is hit by Matt Calvert and loses puck.
14:55 of 1st period - Shot by Andreas Athanasiou.
14:55 of 1st period - Stopped by Corey Crawford without a rebound.
14:56 of 1st period - Ryan Strome wins face-off versus Aleksander Barkov in Panthers zone.
15:00 of 1st period - Icing by Charlie McAvoy.
15:01 of 1st period - Dylan Strome wins face-off versus Aleksander Barkov in Panthers zone.
15:51 of 1st period - Off-side.
15:52 of 1st period - Ryan Strome wins face-off versus Matthew Tkachuk in neutral zone.
16:47 of 1st period - Icing by Miles Wood.
16:48 of 1st period - Casey Cizikas wins face-off versus Jean-Gabriel Pageau in Avalanche zone.
18:25 of 1st period - Icing by Zdeno Chara.
18:26 of 1st period - Ryan Strome wins face-off versus Aleksander Barkov in Panthers zone.
18:31 of 1st period - Shot by Robby Fabbri.
18:31 of 1st period - Stopped by Corey Crawford without a rebound.
18:32 of 1st period - Ryan Strome wins face-off versus Dylan Larkin in Panthers zone.
18:32 of 1st period - Dominik Kubalik is hit by Jeff Petry and loses puck.
18:56 of 1st period - Shot by Dominik Kubalik.
18:56 of 1st period - Shot Blocked by Matthew Tkachuk.
19:57 of 1st period - Shot by Joel Armia.
19:57 of 1st period - Shot Misses the Net.
Goals for this period are 0 for Avalanche vs 0 for Panthers.
Shots for this period are 8 for Avalanche vs 13 for Panthers.

2nd period


0:01 of 2nd period - Dylan Strome wins face-off versus Dylan Larkin in neutral zone.
0:01 of 2nd period - Dylan Strome is hit by Alex Ovechkin.
0:52 of 2nd period - Andreas Athanasiou is hit by Jeff Petry and loses puck.
1:14 of 2nd period - Icing by Ryan Strome.
1:15 of 2nd period - Jean-Gabriel Pageau wins face-off versus Ryan Strome in Avalanche zone.
1:46 of 2nd period - Ryan Strome is hit by Pierre-Luc Dubois and loses puck.
1:54 of 2nd period - Off-side.
1:55 of 2nd period - Aleksander Barkov wins face-off versus Brad Richardson in neutral zone.
2:09 of 2nd period - Brad Richardson is hit by Jeff Petry and loses puck.
2:29 of 2nd period - Icing by Michael Anderson.
2:30 of 2nd period - Brad Richardson wins face-off versus Dylan Larkin in Avalanche zone.
2:55 of 2nd period - Shot by Ryan Dzingel.
2:55 of 2nd period - Stopped by Corey Crawford without a rebound.
2:56 of 2nd period - Jean-Gabriel Pageau wins face-off versus Casey Cizikas in Panthers zone.
3:12 of 2nd period - Jean-Gabriel Pageau is hit by Noah Juulsen and loses puck.
3:53 of 2nd period - Shot by Robby Fabbri.
3:53 of 2nd period - Stopped by Corey Crawford with a rebound.
3:55 of 2nd period - Shot by Robby Fabbri.
3:55 of 2nd period - Shot Misses the Net.
3:57 of 2nd period - Shot by Ryan Strome.
3:57 of 2nd period - Shot Misses the Net.
4:20 of 2nd period - Shot by Robby Fabbri.
4:20 of 2nd period - Stopped by Corey Crawford with a rebound.
4:22 of 2nd period - Shot by Robby Fabbri.
4:22 of 2nd period - Deflect By Dominik Kubalik.
4:22 of 2nd period - Shot Misses the Net.
4:46 of 2nd period - Shot by Dylan Strome.
4:46 of 2nd period - Stopped by Corey Crawford without a rebound.
4:47 of 2nd period - Brad Richardson wins face-off versus Aleksander Barkov in Panthers zone.
5:54 of 2nd period - Shot by Dylan Larkin.
5:54 of 2nd period - Stopped by Frederik Andersen without a rebound.
5:55 of 2nd period - Derek Grant wins face-off versus Ryan Strome in Avalanche zone.
5:56 of 2nd period - Shot by Matt Calvert.
5:56 of 2nd period - Stopped by Frederik Andersen without a rebound.
5:57 of 2nd period - Dylan Larkin wins face-off versus Dylan Strome in Avalanche zone.
6:28 of 2nd period - Shot by Dylan Larkin.
6:28 of 2nd period - Stopped by Frederik Andersen without a rebound.
6:29 of 2nd period - Aleksander Barkov wins face-off versus Ryan Strome in Avalanche zone.
6:46 of 2nd period - Jonathan Huberdeau is hit by Robby Fabbri and loses puck.
7:01 of 2nd period - Shot by Nikita Kucherov.
7:01 of 2nd period - Shot Blocked by Noah Juulsen.
8:24 of 2nd period - Icing by Michael Anderson.
8:25 of 2nd period - Dylan Strome wins face-off versus Dylan Larkin in Avalanche zone.
8:38 of 2nd period - Zdeno Chara is hit by Andreas Athanasiou and loses puck.
8:42 of 2nd period - Minor Penalty to Andreas Athanasiou for Hooking.
8:43 of 2nd period - Brad Richardson wins face-off versus Aleksander Barkov in Avalanche zone.
10:35 of 2nd period - Shot by Nikita Kucherov.
10:35 of 2nd period - Shot Blocked by Ryan Dzingel.
10:37 of 2nd period - Shot by Samuel Girard.
10:37 of 2nd period - Stopped by Frederik Andersen without a rebound.
10:38 of 2nd period - Brad Richardson wins face-off versus Dylan Larkin in Avalanche zone.
11:19 of 2nd period - Shot by Joel Armia.
11:19 of 2nd period - Shot Misses the Net.
11:21 of 2nd period - Shot by Joel Armia.
11:21 of 2nd period - Stopped by Frederik Andersen with a rebound.
11:23 of 2nd period - Shot by Zdeno Chara.
11:23 of 2nd period - Stopped by Frederik Andersen with a rebound.
12:34 of 2nd period - Off-side.
12:35 of 2nd period - Brad Richardson wins face-off versus Nikita Kucherov in neutral zone.
13:26 of 2nd period - Shot by Dylan Strome.
13:26 of 2nd period - Shot Misses the Net.
13:28 of 2nd period - Shot by Shayne Gostisbehere.
13:28 of 2nd period - Shot Blocked by Charlie McAvoy.
13:30 of 2nd period - Shot by Shayne Gostisbehere.
13:30 of 2nd period - Stopped by Corey Crawford with a rebound.
13:35 of 2nd period - Shot by Dylan Strome.
13:35 of 2nd period - Shot Misses the Net.
13:55 of 2nd period - Shot by Andrew Mangiapane.
13:55 of 2nd period - Shot Misses the Net.
15:13 of 2nd period - Shot by Alex Ovechkin.
15:13 of 2nd period - Shot Misses the Net.
15:15 of 2nd period - Shot by Samuel Girard.
15:15 of 2nd period - Shot Misses the Net.
15:27 of 2nd period - Shot by Alex Ovechkin.
15:27 of 2nd period - Stopped by Frederik Andersen without a rebound.
15:28 of 2nd period - Ryan Strome wins face-off versus Derek Grant in Avalanche zone.
15:34 of 2nd period - Ryan Strome is hit by Derek Grant and loses puck.
15:56 of 2nd period - Icing by Adam Fox.
15:57 of 2nd period - Jean-Gabriel Pageau wins face-off versus Ryan Strome in Avalanche zone.
16:00 of 2nd period - Shot by Joel Armia.
16:00 of 2nd period - Stopped by Frederik Andersen without a rebound.
16:01 of 2nd period - Dylan Larkin wins face-off versus Dylan Strome in Avalanche zone.
16:26 of 2nd period - Shayne Gostisbehere is hit by Alex Ovechkin and loses puck.
16:53 of 2nd period - Shot by Robby Fabbri.
16:53 of 2nd period - Deflect By Dominik Kubalik.
16:53 of 2nd period - Shot Blocked by Colton Parayko.
16:55 of 2nd period - Shot by Chris Tanev.
16:55 of 2nd period - Shot Misses the Net.
17:09 of 2nd period - Shot by Robby Fabbri.
17:09 of 2nd period - Shot Misses the Net.
17:44 of 2nd period - Icing by Quinn Hughes.
17:45 of 2nd period - Brad Richardson wins face-off versus Jonathan Huberdeau in Panthers zone.
17:46 of 2nd period - Shot by Tobias Rieder.
17:46 of 2nd period - Stopped by Corey Crawford without a rebound.
17:47 of 2nd period - Jonathan Huberdeau wins face-off versus Ryan Dzingel in Panthers zone.
17:47 of 2nd period - Jonathan Huberdeau is hit by Dylan Strome.
18:16 of 2nd period - Minor Penalty to Adam Fox for Holding Stick.
18:17 of 2nd period - Brad Richardson wins face-off versus Aleksander Barkov in Avalanche zone.
18:24 of 2nd period - Shot by Brad Richardson.
18:24 of 2nd period - Shot Blocked by Quinn Hughes.
18:27 of 2nd period - Icing by Jeff Petry.
18:28 of 2nd period - Aleksander Barkov wins face-off versus Brad Richardson in Panthers zone.
18:47 of 2nd period - Shayne Gostisbehere is hit by Jean-Gabriel Pageau and loses puck.
19:11 of 2nd period - Shot by Samuel Girard.
19:11 of 2nd period - Shot Blocked by Chris Tanev.
19:50 of 2nd period - Shot by Quinn Hughes.
19:50 of 2nd period - Stopped by Frederik Andersen without a rebound.
19:51 of 2nd period - Matthew Tkachuk wins face-off versus Brad Richardson in Avalanche zone.
19:54 of 2nd period - Shot by Jeff Petry.
19:54 of 2nd period - Stopped by Frederik Andersen without a rebound.
19:55 of 2nd period - Aleksander Barkov wins face-off versus Brad Richardson in Avalanche zone.
Goals for this period are 0 for Avalanche vs 0 for Panthers.
Shots for this period are 6 for Avalanche vs 10 for Panthers.

3rd period


0:01 of 3rd period - Brad Richardson wins face-off versus Dylan Larkin in neutral zone.
0:32 of 3rd period - Shot by Dominik Kubalik.
0:32 of 3rd period - Deflect By Ryan Strome.
0:32 of 3rd period - Stopped by Corey Crawford without a rebound.
0:33 of 3rd period - Aleksander Barkov wins face-off versus Dylan Strome in Panthers zone.
0:55 of 3rd period - Shot by Andreas Athanasiou.
0:55 of 3rd period - Shot Blocked by Colton Parayko.
1:12 of 3rd period - Shot by Nikita Kucherov.
1:12 of 3rd period - Stopped by Frederik Andersen without a rebound.
1:13 of 3rd period - Ryan Strome wins face-off versus Dylan Larkin in Avalanche zone.
1:13 of 3rd period - Ryan Strome is hit by Matthew Tkachuk.
1:25 of 3rd period - Shot by Robby Fabbri.
1:25 of 3rd period - Deflect By Ryan Strome.
1:25 of 3rd period - Shot Misses the Net.
1:27 of 3rd period - Shot by Adam Fox.
1:27 of 3rd period - Shot Blocked by Quinn Hughes.
1:29 of 3rd period - Shot by Dominik Kubalik.
1:29 of 3rd period - Shot Misses the Net.
1:30 of 3rd period - Minor Penalty to Jeff Petry for Holding.
1:31 of 3rd period - Derek Grant wins face-off versus Ryan Strome in Panthers zone.
1:31 of 3rd period - Derek Grant is hit by Ryan Strome.
1:43 of 3rd period - Shot by Ryan Strome.
1:43 of 3rd period - Stopped by Corey Crawford without a rebound.
1:44 of 3rd period - Derek Grant wins face-off versus Ryan Dzingel in Panthers zone.
1:50 of 3rd period - Icing by Andreas Athanasiou.
1:51 of 3rd period - Dylan Strome wins face-off versus Derek Grant in Avalanche zone.
2:06 of 3rd period - Shot by Adam Fox.
2:06 of 3rd period - Stopped by Corey Crawford without a rebound.
2:07 of 3rd period - Derek Grant wins face-off versus Ryan Strome in Panthers zone.
2:07 of 3rd period - Quinn Hughes is hit by Robby Fabbri and loses puck.
2:24 of 3rd period - Shot by Shayne Gostisbehere.
2:24 of 3rd period - Shot Misses the Net.
2:26 of 3rd period - Shot by Ryan Strome.
2:26 of 3rd period - Stopped by Corey Crawford without a rebound.
2:27 of 3rd period - Derek Grant wins face-off versus Dylan Strome in Panthers zone.
2:27 of 3rd period - Derek Grant is hit by Ryan Dzingel.
3:16 of 3rd period - Icing by Andreas Athanasiou.
3:17 of 3rd period - Jean-Gabriel Pageau wins face-off versus Dylan Strome in Avalanche zone.
4:57 of 3rd period - Icing by Noah Juulsen.
4:58 of 3rd period - Brad Richardson wins face-off versus Jean-Gabriel Pageau in Avalanche zone.
5:42 of 3rd period - Shot by Andrew Mangiapane.
5:42 of 3rd period - Shot Misses the Net.
5:44 of 3rd period - Shot by Miles Wood.
5:44 of 3rd period - Stopped by Corey Crawford without a rebound.
5:45 of 3rd period - Ryan Strome wins face-off versus Aleksander Barkov in Panthers zone.
6:11 of 3rd period - Nikita Kucherov is hit by Jake McCabe.
6:13 of 3rd period - Shot by Aleksander Barkov.
6:13 of 3rd period - Shot Misses the Net.
6:17 of 3rd period - Shot by Jonathan Huberdeau.
6:17 of 3rd period - Stopped by Frederik Andersen without a rebound.
6:18 of 3rd period - Dylan Strome wins face-off versus Dylan Larkin in Avalanche zone.
6:25 of 3rd period - Shot by Matthew Tkachuk.
6:25 of 3rd period - Stopped by Frederik Andersen without a rebound.
6:26 of 3rd period - Ryan Dzingel wins face-off versus Dylan Larkin in Avalanche zone.
6:39 of 3rd period - Shot by Dylan Strome.
6:39 of 3rd period - Shot Misses the Net.
6:49 of 3rd period - Adam Fox is hit by Matthew Tkachuk and loses puck.
8:38 of 3rd period - Shot by Casey Cizikas.
8:38 of 3rd period - Shot Blocked by Samuel Girard.
9:30 of 3rd period - Shot by Jean-Gabriel Pageau.
9:30 of 3rd period - Shot Misses the Net.
9:32 of 3rd period - Shot by Jean-Gabriel Pageau.
9:32 of 3rd period - Goal by Jean-Gabriel Pageau - Avalanche : 0 - Panthers : 1.
9:33 of 3rd period - Dylan Larkin wins face-off versus Dylan Strome in neutral zone.
10:29 of 3rd period - Ryan Strome is hit by Charlie McAvoy and loses puck.
10:35 of 3rd period - Off-side.
10:36 of 3rd period - Casey Cizikas wins face-off versus Jean-Gabriel Pageau in neutral zone.
11:26 of 3rd period - Miles Wood is hit by Samuel Girard and loses puck.
11:34 of 3rd period - Icing by Samuel Girard.
11:35 of 3rd period - Derek Grant wins face-off versus Ryan Strome in Panthers zone.
12:28 of 3rd period - Shot by Jonathan Huberdeau.
12:28 of 3rd period - Deflect By Nikita Kucherov.
12:28 of 3rd period - Goal by Nikita Kucherov - Avalanche : 0 - Panthers : 2.
12:29 of 3rd period - Dylan Larkin wins face-off versus Brad Richardson in neutral zone.
12:29 of 3rd period - Jeff Petry is hit by Joakim Nordstrom and loses puck.
12:59 of 3rd period - Dylan Larkin is hit by Noah Juulsen and loses puck.
13:05 of 3rd period - Minor Penalty to Alex Ovechkin for Hooking.
13:06 of 3rd period - Derek Grant wins face-off versus Dylan Strome in Panthers zone.
13:33 of 3rd period - Shot by Adam Fox.
13:33 of 3rd period - Stopped by Corey Crawford without a rebound.
13:34 of 3rd period - Ryan Strome wins face-off versus Derek Grant in Panthers zone.
13:35 of 3rd period - Shot by Shayne Gostisbehere.
13:35 of 3rd period - Stopped by Corey Crawford without a rebound.
13:36 of 3rd period - Derek Grant wins face-off versus Dominik Kubalik in Panthers zone.
13:49 of 3rd period - Shot by Robby Fabbri.
13:49 of 3rd period - Stopped by Corey Crawford with a rebound.
14:13 of 3rd period - Shot by Ryan Strome.
14:13 of 3rd period - Stopped by Corey Crawford without a rebound.
14:14 of 3rd period - Dylan Strome wins face-off versus Derek Grant in Panthers zone.
14:39 of 3rd period - Shot by Dylan Strome.
14:39 of 3rd period - Stopped by Corey Crawford without a rebound.
14:40 of 3rd period - Ryan Strome wins face-off versus Derek Grant in Panthers zone.
14:51 of 3rd period - Shot by Ryan Strome.
14:51 of 3rd period - Deflect By Robby Fabbri.
14:51 of 3rd period - Shot Misses the Net.
15:03 of 3rd period - Shot by Shayne Gostisbehere.
15:03 of 3rd period - Shot Misses the Net.
15:05 of 3rd period - Shot by Dominik Kubalik.
15:05 of 3rd period - Shot Blocked by Samuel Girard.
15:05 of 3rd period - Samuel Girard from Panthers is injured at 15:05 of 3rd period (Sprained Right Knee).
15:06 of 3rd period - Dylan Larkin wins face-off versus Dylan Strome in Panthers zone.
15:15 of 3rd period - Shot by Dylan Strome.
15:15 of 3rd period - Stopped by Corey Crawford without a rebound.
15:16 of 3rd period - Aleksander Barkov wins face-off versus Casey Cizikas in Panthers zone.
15:18 of 3rd period - Icing by Jonathan Huberdeau.
15:19 of 3rd period - Aleksander Barkov wins face-off versus Andreas Athanasiou in Panthers zone.
15:50 of 3rd period - Shot by Aleksander Barkov.
15:50 of 3rd period - Shot Misses the Net.
16:37 of 3rd period - Shot by Dylan Larkin.
16:37 of 3rd period - Shot Misses the Net.
17:09 of 3rd period - Icing by Chris Tanev.
17:10 of 3rd period - Jean-Gabriel Pageau wins face-off versus Dylan Strome in Avalanche zone.
17:35 of 3rd period - Icing by Ryan Strome.
17:36 of 3rd period - Aleksander Barkov wins face-off versus Ryan Strome in Avalanche zone.
17:52 of 3rd period - Icing by Noah Juulsen.
17:53 of 3rd period - Ryan Strome wins face-off versus Derek Grant in Avalanche zone.
18:08 of 3rd period - Shot by Ryan Strome.
18:08 of 3rd period - Deflect By Robby Fabbri.
18:08 of 3rd period - Stopped by Corey Crawford without a rebound.
18:09 of 3rd period - Dylan Larkin wins face-off versus Casey Cizikas in Panthers zone.
18:09 of 3rd period - Dylan Larkin is hit by Casey Cizikas.
18:19 of 3rd period - Dylan Larkin is hit by Miles Wood and loses puck.
18:25 of 3rd period - Miles Wood is hit by Jeff Petry and loses puck.
18:32 of 3rd period - Shot by Casey Cizikas.
18:32 of 3rd period - Shot Misses the Net.
18:34 of 3rd period - Shot by Casey Cizikas.
18:34 of 3rd period - Goal by Casey Cizikas - Avalanche : 1 - Panthers : 2.
18:35 of 3rd period - Ryan Strome wins face-off versus Aleksander Barkov in neutral zone.
18:48 of 3rd period - Shot by Robby Fabbri.
18:48 of 3rd period - Shot Misses the Net.
19:06 of 3rd period - Avalanche, Frederik Andersen is pulled from the net.
19:09 of 3rd period - Dominik Kubalik is hit by Zdeno Chara and loses puck.
19:44 of 3rd period - Shot by Jean-Gabriel Pageau.
19:44 of 3rd period - Goal by Jean-Gabriel Pageau - Avalanche : 1 - Panthers : 3.
19:44 of 3rd period - Frederik Andersen from Avalanche was sent back in the game.
19:45 of 3rd period - Brad Richardson wins face-off versus Dylan Larkin in neutral zone.
19:48 of 3rd period - Shot by Tobias Rieder.
19:48 of 3rd period - Stopped by Corey Crawford with a rebound.
19:50 of 3rd period - Shot by Joakim Nordstrom.
19:50 of 3rd period - Shot Misses the Net.
Goals for this period are 1 for Avalanche vs 3 for Panthers.
Shots for this period are 14 for Avalanche vs 6 for Panthers.